AoeStats
← sofia sarte

Arabia

506713127Analyzed
1v1 RM · 18d ago on Sep 14, 2026· 28m 20s· 2 players
Game mode
Random Map
Map size
Tiny (2 player)
Population
200
Speed
Normal
Resources
Standard
Victory
Conquest
Starting age
Dark Age
Ending age
Imperial Age
RankedLock teamsTeams togetherTeam positionsShared explorationLock speedFull tech treeHidden civsTurbo modeCheats
Victory
Defeat
🇨🇱 Spanish · Chile
1336
+18
🇺🇸 Malians · United States
1374
-18
sofia sarte
5:13 Loom
11:09 Feudal Age
15:10 Castle Age
PeteWheeler
7:20 Loom
10:37 Feudal Age
10:39 Man-at-Arms
11:07 Double-Bit Axe
11:31 Horse Collar
17:45 Wheelbarrow
17:02 Fletching
21:58 Castle Age
21:43 Scale Barding Armor
21:40 Padded Archer Armor
23:05 Bow Saw
23:05 Bodkin Arrow
25:17 Elite Skirmisher
Connection lost

Rejoining the realm…

Still unreachable

The connection could not be restored.

Session expired

The server has moved on; the page needs a fresh start.